[Event "Titled Tuesday Blitz March 21 Early 2023"]
[White "Gontcharov, Vladislav"]
[Black "Bachmann, Axel"]
[WhiteFideId "4123492"]
[BlackFideId "3700488"]
[WhiteElo "2470"]
[BlackElo "2605"]
[Result "0-1"]
[Round "08"]
[TimeControl "180+2"]
[Date "2023.03.21"]
[WhiteClock "0:00:08"]
[BlackClock "0:00:06"]

1. d4 Nf6 2. c4 e6 3. Nc3 c5 4. d5 exd5 5. cxd5 d6 6. Nf3 g6 7. Bf4 a6 8. a4 Bg7 9. h3 O-O 10. e3 Qe7 11. Nd2 Nbd7 12. Be2 Ne8 13. O-O f5 14. Qc2 Rb8 15. a5 Ne5 16. Bh2 g5 17. Rfe1 Nc7 18. Nc4 Nxc4 19. Bxc4 b5 20. axb6 Rxb6 21. Re2 g4 22. Bf4 Rb4 23. Ra4 gxh3 24. gxh3 Kh8 25. Kh2 Rg8 26. f3 Be5 27. Bxe5+ Qxe5+ 28. f4 Qg7 29. Rg2 Qxg2+ 30. Qxg2 Rxg2+ 31. Kxg2 Rxb2+ 32. Kf3 Bd7 33. Ra1 Bb5 34. Bxb5 axb5 35. Ra7 b4 36. Ne2 Nxd5 37. Ng3 h5 38. Nxf5 c4 39. Nxd6 c3 40. Ra8+ Kh7 41. Rc8 c2 42. Ne4 b3 43. f5 Rb1 44. Ng5+ Kh6 45. Ne6 Nf6 46. Nd4 c1=Q 47. Rxc1 Rxc1 48. Nxb3 Rf1+ 49. Kg2 Rxf5 50. Nd4 Ra5 51. Kf3 Ra3 52. h4 Ng4 53. Kf4 Nxe3 54. Ne6 Ng2+ 55. Kf5 Nxh4+ 56. Kf6 Rf3+ 57. Ke5 Ng6+ 58. Ke4 Rf6 59. Nd4 h4 60. Nf3 h3 61. Ke3 Nh4 62. Nh2 Kh5 63. Ke2 Rg6 64. Kf1 Rg2 65. Nf3 Nf5 66. Ne5 Ng3+ 67. Ke1 h2 68. Kd1 h1=R# 0-1


[Site "https://www.chess.com"]

[Event "Titled Tuesday Blitz March 21 Early 2023"]
[White "Movahed, Sina"]
[Black "Aaditya Dhingra"]
[WhiteFideId "42520835"]
[BlackFideId "25678191"]
[WhiteElo "2225"]
[BlackElo "2083"]
[Result "1-0"]
[Round "08"]
[TimeControl "180+2"]
[Date "2023.03.21"]
[WhiteClock "0:00:37"]
[BlackClock "0:00:58"]

1. e4 e5 2. Nf3 Nc6 3. Bb5 a6 4. Ba4 Nf6 5. O-O Nxe4 6. d4 b5 7. Bb3 d5 8. dxe5 Be6 9. c3 Be7 10. Bc2 Qd7 11. Nbd2 Nc5 12. b4 Na4 13. Bxa4 bxa4 14. a3 O-O 15. Re1 Rfe8 16. Nd4 Nxd4 17. cxd4 a5 18. bxa5 Reb8 19. Rb1 Rxb1 20. Nxb1 Rxa5 21. Bd2 Ra8 22. Qc1 Rb8 23. h3 h6 24. Re3 Bf5 25. Nc3 Rb3 26. Kh2 Bxa3 27. Qd1 Bb2 28. Nxa4 Rxe3 29. Bxe3 Qb5 30. Nxb2 Qxb2 31. Qa4 Kh7 32. Qc6 Be6 33. Qxc7 Qb1 34. Qc3 Qe4 35. Qd2 Qf5 36. f4 Qe4 37. g4 Bd7 38. f5 Qf3 39. Qf2 Qxf2+ 40. Bxf2 g6 41. fxg6+ Kxg6 42. Be3 h5 43. gxh5+ Kxh5 44. Kg3 Bf5 45. h4 Be6 46. Bg5 Bf5 47. Kf4 Be4 48. Ke3 Bf5 49. Kd2 Be6 50. Kc3 Kg6 51. Kb4 Kh5 52. Kc5 Kg6 53. Kd6 Kh5 54. Ke7 Kg6 55. Bf6 Bf5 56. h5+ Kxh5 57. Kxf7 Bg6+ 58. Ke7 Kg4 59. e6 Kf5 60. Be5 Bh7 61. Kd7 1-0


[Site "https://www.chess.com"]

[Event "Titled Tuesday Blitz March 21 Early 2023"]
[White "Raahul V S"]
[Black "Kobo, Ori"]
[WhiteFideId "25035525"]
[BlackFideId "2812320"]
[WhiteElo "2168"]
[BlackElo "2447"]
[Result "1/2-1/2"]
[Round "08"]
[TimeControl "180+2"]
[Date "2023.03.21"]
[WhiteClock "0:00:04"]
[BlackClock "0:00:12"]

1. c4 e6 2. Nc3 d5 3. d4 Nf6 4. cxd5 exd5 5. Bg5 Be7 6. e3 O-O 7. Bd3 Re8 8. Qc2 h6 9. Bh4 c5 10. dxc5 d4 11. exd4 Qxd4 12. Nf3 Qxc5 13. O-O Nc6 14. Bxf6 Bxf6 15. Ne4 Qe7 16. Nxf6+ Qxf6 17. Rfe1 Bg4 18. Be4 Bxf3 19. Bxf3 Nd4 20. Qd3 Nxf3+ 21. Qxf3 Qxf3 22. gxf3 Kf8 23. Rxe8+ Rxe8 24. Rc1 g5 25. Kf1 Re7 26. Rc4 Kg7 27. f4 g4 28. Rc5 Kg6 29. Kg2 b6 30. Rb5 f5 31. Kg3 Rd7 32. Re5 Rd3+ 33. Kg2 Rd2 34. Re6+ Kh5 35. Re7 a6 36. Re5 Rxb2 37. Rxf5+ Kg6 38. Rd5 Rxa2 39. Rd6+ Kf5 40. Rxb6 h5 41. Rh6 Kxf4 42. Rxh5 a5 43. Rh8 a4 44. Ra8 a3 45. Ra4+ Kf5 46. Kg3 Ra1 47. Ra5+ Ke4 48. Kxg4 a2 49. f3+ Ke3 50. Ra3+ Kd2 51. Kf4 Kc2 52. Ra8 Kb3 53. Rb8+ Kc3 54. Rc8+ Kd4 55. Ra8 Kc3 56. h4 Kb3 57. Rb8+ Kc3 58. Rc8+ Kb3 59. Rb8+ Ka3 60. Ra8+ Kb2 61. Rb8+ Kc3 62. Rc8+ Kb4 63. Rb8+ Kc3 1/2-1/2


[Site "https://www.chess.com"]

[Event "Titled Tuesday Blitz March 21 Early 2023"]
[White "Nefedov, Sergey"]
[Black "Ozen, Bahadir"]
[WhiteFideId "24113417"]
[BlackFideId "6337058"]
[WhiteElo "2227"]
[BlackElo "2503"]
[Result "0-1"]
[Round "08"]
[TimeControl "180+2"]
[Date "2023.03.21"]
[WhiteClock "0:00:04"]
[BlackClock "0:00:02"]

1. d4 d5 2. Nf3 Nf6 3. Bf4 c5 4. e3 Nc6 5. dxc5 Nh5 6. c4 Nxf4 7. exf4 d4 8. Bd3 e6 9. a3 a5 10. O-O Bxc5 11. Nbd2 h6 12. Qe2 O-O 13. Rfd1 g6 14. Ne5 Bd7 15. Ndf3 Kg7 16. Be4 Nxe5 17. fxe5 Bc6 18. Bxc6 bxc6 19. Qe4 Qb6 20. Rd2 Rad8 21. Rad1 Rd7 22. h4 Rfd8 23. Qf4 d3 24. Ne1 Qb3 25. Qf6+ Kg8 26. Qf3 Qxc4 27. Rxd3 Rxd3 28. Rxd3 Rd5 29. Rc3 Qxh4 30. Nd3 Bf8 31. Rxc6 Qe7 32. b4 axb4 33. axb4 Qd7 34. Rc3 Rd4 35. Nc5 Rd1+ 36. Kh2 Qd8 37. Qe3 Qh4+ 38. Qh3 Qxb4 0-1


[Site "https://www.chess.com"]

[Event "Titled Tuesday Blitz March 21 Early 2023"]
[White "Villalba, Marcelo"]
[Black "Harsha Bharathakoti"]
[WhiteFideId "3701859"]
[BlackFideId "5078776"]
[WhiteElo "2191"]
[BlackElo "2481"]
[Result "0-1"]
[Round "08"]
[TimeControl "180+2"]
[Date "2023.03.21"]
[WhiteClock "0:00:02"]
[BlackClock "0:00:09"]

1. e4 e6 2. Qe2 Nc6 3. Nf3 e5 4. g3 Bc5 5. Bg2 d6 6. h3 Nge7 7. O-O O-O 8. Nc3 a6 9. d3 f5 10. Nd5 fxe4 11. dxe4 Nxd5 12. exd5 Ne7 13. c4 Nf5 14. Kh2 Bd7 15. g4 Ne7 16. Be3 b6 17. Ng5 Ng6 18. Be4 Nf4 19. Bxf4 Rxf4 20. Bxh7+ Kh8 21. h4 Bxg4 22. Qd2 Qf6 23. Kg3 Bd7 24. Be4 Rg4+ 25. Kh2 Rxh4+ 26. Kg3 Rg4+ 27. Kh2 Qh6+ 28. Nh3 Qxd2 0-1


[Site "https://www.chess.com"]

[Event "Titled Tuesday Blitz March 21 Early 2023"]
[White "Petukhov, Dmitry"]
[Black "Aditya Mittal"]
[WhiteFideId "4142748"]
[BlackFideId "35042025"]
[WhiteElo "2311"]
[BlackElo "2396"]
[Result "1/2-1/2"]
[Round "08"]
[TimeControl "180+2"]
[Date "2023.03.21"]
[WhiteClock "0:00:12"]
[BlackClock "0:00:05"]

1. e4 c5 2. c3 d5 3. exd5 Qxd5 4. d4 Nf6 5. Nf3 e6 6. Be2 Nc6 7. O-O Be7 8. Be3 cxd4 9. cxd4 O-O 10. Nc3 Qd6 11. Qb3 b6 12. Rfd1 Bb7 13. Rac1 Rac8 14. a3 Rfd8 15. Qa2 Qb8 16. h3 h6 17. d5 exd5 18. Nxd5 Rxd5 19. Rxd5 Nb4 20. Rxc8+ Qxc8 21. axb4 Nxd5 22. Bd2 Bxb4 23. Bxb4 Nxb4 24. Qxa7 Qc1+ 25. Kh2 Qc7+ 26. Kh1 Nc6 27. Qa4 Qe7 28. Bf1 Qd7 29. Qb5 Qc7 30. Kg1 Na7 31. Qe8+ Kh7 32. Ne5 Bd5 33. Bd3+ g6 34. Nxg6 Qc1+ 35. Kh2 Qc7+ 36. g3 fxg6 37. Qxg6+ Kh8 38. Qxh6+ Kg8 39. Qg5+ Kf8 40. Qxd5 Nc6 41. Qc4 Qd6 42. Qf4+ Qxf4 43. gxf4 Ke7 44. h4 Kf6 45. h5 Ne7 46. h6 Nd5 47. Kg3 Nb4 48. Be4 Na6 49. h7 Kg7 50. Kf3 Nc5 51. Bf5 Na4 52. b3 Nc5 53. Bc2 b5 54. Ke3 Ne6 55. Kd3 Nxf4+ 56. Kd4 Nh3 57. Ke3 Ng5 58. b4 Ne6 59. Bd3 Nc7 60. Kd4 Na6 61. Kc3 Nc7 62. f3 Nd5+ 63. Kb3 Nc7 64. Be4 Ne6 65. Kc3 Nc7 66. f4 Kh8 67. Bd3 Kg7 68. Kd4 Na6 69. Ke5 Nxb4 70. Bxb5 Kxh7 71. Kd4 Nc2+ 72. Kd3 Ne1+ 73. Ke2 Ng2 74. f5 Nh4 75. Ke3 Nxf5+ 1/2-1/2


[Site "https://www.chess.com"]

[Event "Titled Tuesday Blitz March 21 Early 2023"]
[White "Guzman Moneo, Alberto"]
[Black "Urazayev, Arystanbek"]
[WhiteFideId "2209616"]
[BlackFideId "13709810"]
[WhiteElo "2157"]
[BlackElo "2479"]
[Result "0-1"]
[Round "08"]
[TimeControl "180+2"]
[Date "2023.03.21"]
[WhiteClock "0:01:19"]
[BlackClock "0:02:02"]

1. e4 e5 2. Nf3 Nc6 3. Bc4 Nf6 4. Ng5 d5 5. exd5 b5 6. Bf1 Nxd5 7. Bxb5 Bb7 8. d4 Be7 9. Qh5 g6 10. Qh6 Qd7 11. Qg7 O-O-O 12. Qxf7 Kb8 13. Ne6 Bb4+ 0-1


[Site "https://www.chess.com"]

[Event "Titled Tuesday Blitz March 21 Early 2023"]
[White "Pakleza, Zbigniew"]
[Black "Kaufman, Raymond"]
[WhiteFideId "1119290"]
[BlackFideId "2015056"]
[WhiteElo "2410"]
[BlackElo "2321"]
[Result "1-0"]
[Round "08"]
[TimeControl "180+2"]
[Date "2023.03.21"]
[WhiteClock "0:01:26"]
[BlackClock "0:00:03"]

1. d4 Nf6 2. Nf3 g6 3. Bf4 Bg7 4. e3 d6 5. h3 O-O 6. Be2 c5 7. c3 Qb6 8. Qb3 Nc6 9. Nbd2 Be6 10. Qxb6 axb6 11. a3 Bd5 12. O-O Ne4 13. Nxe4 Bxe4 14. Bg3 Rfc8 15. Rfd1 cxd4 16. exd4 Na5 17. Nd2 Bc2 18. Re1 Bh6 19. f4 e5 20. dxe5 dxe5 21. Rf1 Rd8 22. Nc4 Nxc4 23. Bxc4 exf4 24. Bxf4 Bxf4 25. Rxf4 Rd7 26. Raf1 Rf8 27. Rf6 Kg7 28. Rxb6 Be4 29. Be2 f5 30. Bf3 Bxf3 31. Rxf3 Rff7 32. Rf4 g5 33. Rf2 h6 34. a4 f4 35. a5 Rfe7 36. Kh2 Re1 37. g3 fxg3+ 38. Kxg3 Rd3+ 39. Kg2 Ree3 40. Rxb7+ Kg6 41. a6 Rg3+ 42. Kf1 Rd1+ 43. Ke2 Rgd3 44. a7 R3d2+ 45. Ke3 Rd3+ 46. Ke4 Rd8 47. Rb8 Re1+ 48. Kf3 Rd3+ 49. Kg2 1-0


[Site "https://www.chess.com"]

[Event "Titled Tuesday Blitz March 21 Early 2023"]
[White "Sarana, Alexey"]
[Black "polandchessplayer"]
[WhiteFideId "24133795"]
[WhiteElo "2714"]
[BlackElo "2643"]
[Result "1-0"]
[Round "08"]
[TimeControl "180+2"]
[Date "2023.03.21"]
[WhiteClock "0:01:27"]
[BlackClock "0:00:03"]

1. c4 Nf6 2. Nc3 c6 3. e4 e5 4. Nf3 d6 5. d4 Nbd7 6. Be2 Be7 7. O-O O-O 8. Be3 Qc7 9. d5 c5 10. Ne1 a6 11. a3 b6 12. b4 Bb7 13. Qb3 Rab8 14. Rb1 Rfc8 15. h3 h6 16. Kh2 Nh7 17. g3 Bf6 18. Ng2 cxb4 19. axb4 b5 20. Rfc1 bxc4 21. Qa2 Nb6 22. Na4 Nxa4 23. Qxa4 c3 24. Rb3 c2 25. Bg4 Ng5 26. Rb2 Rd8 27. Rbxc2 Qe7 28. Rc4 g6 29. h4 Nh7 30. Rc7 Qf8 31. Ba7 h5 32. Bxb8 Rxb8 33. Bd7 Bd8 34. R7c2 Nf6 35. f3 Qe7 36. Bh3 Kg7 37. b5 a5 38. Ne3 Nh7 39. Bc8 Bb6 40. Qb3 a4 41. Qd3 Bc5 42. Rxc5 dxc5 43. d6 Qd8 44. Bxb7 Rxb7 45. Rxc5 Nf6 46. Rxe5 Qa5 47. Nc4 Qb4 48. Re7 Rxe7 49. dxe7 Qxe7 50. e5 Nd7 51. b6 Nc5 52. Qd4 Ne6 53. Qb2 Qb7 54. Nd6 Qxf3 55. b7 a3 56. Qa2 1-0


[Site "https://www.chess.com"]

[Event "Titled Tuesday Blitz March 21 Early 2023"]
[White "Yeletsky, Ivan"]
[Black "Vlassov, Nikolai"]
[WhiteFideId "24180327"]
[BlackFideId "4103360"]
[WhiteElo "2414"]
[BlackElo "2324"]
[Result "1-0"]
[Round "08"]
[TimeControl "180+2"]
[Date "2023.03.21"]
[WhiteClock "0:00:08"]
[BlackClock "0:00:12"]

1. e4 c5 2. Nf3 d6 3. d4 cxd4 4. Nxd4 Nf6 5. Nc3 g6 6. Be3 a6 7. f3 Nbd7 8. Qd2 Qc7 9. Be2 h5 10. O-O Bg7 11. a4 O-O 12. Rad1 Ne5 13. Kh1 Nc4 14. Bxc4 Qxc4 15. Bh6 Bd7 16. Bxg7 Kxg7 17. b3 Qc5 18. Nce2 b5 19. b4 Qc4 20. a5 Rac8 21. c3 Rfd8 22. Nc2 Qc7 23. Ne3 Be6 24. Nd5 Bxd5 25. exd5 Qc4 26. Rfe1 Rd7 27. Qg5 Rdc7 28. h3 Nh7 29. Qd2 Nf6 30. Kh2 h4 31. Qg5 Nh5 32. Rd4 Qa2 33. Rxh4 Rh8 34. Nd4 Kf8 35. Nc6 Qf2 36. Rxe7 Rxe7 37. Qxe7+ Kg7 38. Qg5 Qe1 39. Nd4 f6 40. Qg4 Qe5+ 41. Kg1 Qe1+ 42. Kh2 Qe5+ 43. f4 Nxf4 44. Nf3 Rxh4 45. Qd7+ Kh6 46. Nxe5 dxe5 47. Qd8 Nh5 48. d6 Rc4 49. d7 1-0


[Site "https://www.chess.com"]

[Event "Titled Tuesday Blitz March 21 Early 2023"]
[White "Al-Tarboush, Ward"]
[Black "Nogerbek, Kazybek"]
[WhiteFideId "7601450"]
[BlackFideId "13710427"]
[WhiteElo "2257"]
[BlackElo "2501"]
[Result "0-1"]
[Round "08"]
[TimeControl "180+2"]
[Date "2023.03.21"]
[WhiteClock "0:00:06"]
[BlackClock "0:00:14"]

1. e4 g6 2. d4 Nf6 3. e5 Nh5 4. g4 Ng7 5. Bc4 d6 6. f4 h5 7. g5 Bg4 8. Qd3 e6 9. Nc3 d5 10. Bb3 a6 11. Be3 Nd7 12. Nge2 b6 13. O-O-O Be7 14. h3 Bf5 15. Qd2 b5 16. Ng3 a5 17. a4 b4 18. Nce2 c5 19. dxc5 Nxc5 20. Bxc5 Bxc5 21. Nd4 Qb6 22. Ngxf5 Nxf5 23. Nxf5 gxf5 24. Kb1 Be3 25. Qe2 Bxf4 26. h4 Rc8 27. Rhf1 Be3 28. Rf3 f4 29. Qd3 Ke7 30. g6 fxg6 31. Qxg6 Rhf8 32. Qg5+ Kd7 33. Qxh5 Kc7 34. Qh7+ Kb8 35. h5 Qc7 36. Qd3 Rh8 37. Rh1 Rh6 38. Qb5+ Qb6 39. Qd7 Rc7 40. Qd8+ Ka7 41. Rh2 Rg7 42. Qf8 Qc7 43. Rf1 Rgh7 44. Rg2 Rh8 45. Qd6 Qxd6 46. exd6 Kb6 47. Rg7 R8h7 48. Rg6 Rxg6 49. hxg6 Rg7 50. c4 bxc3 51. Bc2 cxb2 52. Rh1 Kc6 53. Rh7 Rxh7 54. gxh7 Bd4 0-1


[Site "https://www.chess.com"]

[Event "Titled Tuesday Blitz March 21 Early 2023"]
[White "Filgueira, Hernan"]
[Black "Averjanov, Alexey"]
[WhiteFideId "101770"]
[BlackFideId "14109867"]
[WhiteElo "2363"]
[BlackElo "2814"]
[Result "0-1"]
[Round "08"]
[TimeControl "180+2"]
[Date "2023.03.21"]
[WhiteClock "0:00:07"]
[BlackClock "0:00:02"]

1. c4 c5 2. Nf3 Nc6 3. Nc3 g6 4. e3 Nf6 5. d4 cxd4 6. exd4 d5 7. cxd5 Nxd5 8. Bc4 Nxc3 9. bxc3 e6 10. O-O Bg7 11. Bg5 Qd6 12. Qd2 O-O 13. Bh6 b6 14. Bxg7 Kxg7 15. Bb5 Bb7 16. Bxc6 Qxc6 17. Rfe1 Rac8 18. Rac1 Rfd8 19. Qg5 Rd5 20. Qg3 Qd6 21. Qg4 Ra5 22. Ne5 Rxa2 23. Qh4 Qd8 24. Qg3 Ra3 25. h4 h5 26. Re3 Qe8 27. Qf4 Qe7 28. Rg3 Rc7 29. c4 Rxg3 30. fxg3 b5 31. c5 Bd5 32. Rf1 b4 33. Qd2 f6 34. Nd3 b3 35. Nf4 Be4 36. Re1 f5 37. Qc3 Qf6 38. Qxb3 Qxd4+ 39. Kh2 Bd5 40. Qb8 Rf7 41. c6 Qc4 42. Qe5+ Kh7 43. Nh3 Kg8 44. Ng5 Qxc6 45. Nxf7 Kxf7 46. Rb1 Bxg2 47. Ra1 a6 48. Ra2 Bd5 49. Rb2 Qc1 50. Qc7+ Qxc7 0-1


[Site "https://www.chess.com"]

[Event "Titled Tuesday Blitz March 21 Early 2023"]
[White "Orlov, Georgi"]
[Black "Mikhailovsky, Vladimir"]
[WhiteFideId "2011271"]
[BlackFideId "34105414"]
[WhiteElo "2621"]
[BlackElo "2293"]
[Result "1/2-1/2"]
[Round "08"]
[TimeControl "180+2"]
[Date "2023.03.21"]
[WhiteClock "0:00:01"]
[BlackClock "0:00:02"]

1. d4 d6 2. e4 Nf6 3. Nc3 Nbd7 4. f4 e5 5. Nf3 exd4 6. Qxd4 c6 7. Bd3 d5 8. Qe3 Bc5 9. Qe2 dxe4 10. Nxe4 O-O 11. Nxf6+ Nxf6 12. Ne5 Re8 13. Be3 Bxe3 14. Qxe3 Ng4 15. Qe4 g6 16. O-O-O Nf2 17. Qf3 Nxd1 18. Rxd1 Qf6 19. Bc4 Be6 20. Bxe6 Qxe6 21. b3 Rad8 22. Rxd8 Rxd8 23. Qc3 Qd6 24. Nd3 b6 25. Kb1 c5 26. Qc4 Qd4 27. Qa6 Re8 28. Qxa7 c4 29. bxc4 Qxc4 30. Qxb6 Qd5 31. g3 Ra8 32. Qb3 Qd6 33. Kc1 Rb8 34. Qc4 Qa3+ 35. Kd2 Qa5+ 36. Qc3 Qh5 37. h4 Qf3 38. Qe5 Rc8 39. Qe3 Qg2+ 40. Ke1 Qxc2 41. Ne5 Qxa2 42. Ng4 Rb8 43. Nh6+ Kg7 44. Qe5+ Kxh6 45. Qxb8 Qg2 46. Qf8+ Kh5 47. Qxf7 Qxg3+ 48. Ke2 Qh2+ 49. Ke3 Qh3+ 50. Ke4 Qg2+ 51. Ke5 Qe2+ 52. Kf6 Qb2+ 53. Ke7 Qb7+ 54. Kf8 Qxf7+ 55. Kxf7 Kxh4 56. Kg7 Kg4 57. Kxh7 g5 58. fxg5 Kxg5 1/2-1/2


[Site "https://www.chess.com"]

[Event "Titled Tuesday Blitz March 21 Early 2023"]
[White "Kilic, Eray"]
[Black "Taboas Rodriguez, Daniel"]
[WhiteFideId "44517173"]
[BlackFideId "2208466"]
[WhiteElo "2328"]
[BlackElo "2365"]
[Result "1-0"]
[Round "08"]
[TimeControl "180+2"]
[Date "2023.03.21"]
[WhiteClock "0:02:13"]
[BlackClock "0:01:38"]

1. d4 Nf6 2. Nc3 d5 3. Bf4 Bf5 4. e3 e6 5. Bd3 Bd6 6. Bxd6 Qxd6 7. Nf3 Bxd3 8. Qxd3 O-O 9. h4 Nc6 10. h5 e5 11. dxe5 Nxe5 12. Nxe5 Qxe5 13. O-O-O h6 14. Nxd5 Rad8 15. Nxf6+ Qxf6 16. Qe2 Qg5 17. g4 f5 18. Qc4+ Kh8 19. gxf5 Qxf5 20. f4 Rxd1+ 21. Rxd1 Qxh5 22. Qxc7 Qe2 23. Qe7 Rc8 24. Rd8+ Rxd8 25. Qxd8+ Kh7 26. Qd3+ Qxd3 27. cxd3 Kg6 28. Kd2 Kf5 29. Ke2 Kg4 30. Kf2 b5 31. d4 b4 32. d5 Kf5 33. e4+ Kf6 34. Kg3 a5 35. b3 g6 36. Kg4 Kf7 37. e5 Ke7 38. f5 g5 39. Kh5 Kf7 40. d6 Kg7 41. d7 1-0


[Site "https://www.chess.com"]

[Event "Titled Tuesday Blitz March 21 Early 2023"]
[White "Galchenko, Matvey"]
[Black "Alex_Sahakyan2006"]
[WhiteFideId "24175480"]
[WhiteElo "2404"]
[BlackElo "2616"]
[Result "1-0"]
[Round "08"]
[TimeControl "180+2"]
[Date "2023.03.21"]
[WhiteClock "0:00:08"]
[BlackClock "0:00:02"]

1. f4 d5 2. Nf3 Nh6 3. g3 g6 4. Bg2 Bg7 5. O-O O-O 6. d3 d4 7. c3 c5 8. e4 dxe3 9. Bxe3 Qc7 10. Kh1 Rd8 11. Qe2 Bf5 12. Ne1 Bg4 13. Qf2 Na6 14. h3 Be6 15. g4 Bd5 16. Nf3 f5 17. g5 Nf7 18. Na3 e5 19. Nb5 Qb6 20. a4 e4 21. dxe4 Bxe4 22. Nd2 Bxg2+ 23. Qxg2 Rac8 24. Rfe1 Nc7 25. Nc4 Qe6 26. Na5 Nd5 27. Qf3 b6 28. Nc4 Nxc3 29. bxc3 Qxc4 30. Nxa7 Rc7 31. Nb5 Re7 32. Bf2 Re4 33. Rxe4 fxe4 34. Qg4 Rd2 35. Be3 Re2 36. Bg1 e3 37. Qf3 Qd3 38. Nc7 Nd6 39. Qa8+ Bf8 40. Qd5+ Qxd5+ 41. Nxd5 Nf5 42. Bh2 Rd2 43. Nf6+ Kf7 44. Ne4 Rc2 45. Re1 c4 46. Bg1 Bc5 47. Bh2 e2 48. Kg2 Ne3+ 49. Kf3 Nd5 50. Rxe2 1-0


[Site "https://www.chess.com"]

[Event "Titled Tuesday Blitz March 21 Early 2023"]
[White "Lorparizangeneh, Shahin"]
[Black "Pinheiro, Iung Alicio de O."]
[WhiteFideId "12521604"]
[BlackFideId "2104350"]
[WhiteElo "2526"]
[BlackElo "2283"]
[Result "1-0"]
[Round "08"]
[TimeControl "180+2"]
[Date "2023.03.21"]
[WhiteClock "0:00:53"]
[BlackClock "0:00:02"]

1. e4 c5 2. Nf3 Nc6 3. Bb5 e6 4. Bxc6 bxc6 5. d3 Qc7 6. Nbd2 e5 7. Nc4 d6 8. O-O Ne7 9. Ne1 Ng6 10. g3 Bh3 11. Ng2 Be7 12. Qh5 Qd7 13. Nce3 Be6 14. f4 exf4 15. gxf4 Bh3 16. Rf3 Bxg2 17. Nxg2 O-O-O 18. Bd2 Bf6 19. Rb1 Qe7 20. b4 c4 21. Qa5 Bd4+ 22. Kh1 Bb6 23. Qa6+ Kb8 24. Qxc4 d5 25. exd5 cxd5 26. Qc3 Qe2 27. d4 Rhe8 28. Qd3 Bxd4 29. f5 Qxd3 30. Rxd3 Ne5 31. Rxd4 Nc4 32. Bf4+ Ka8 33. Rbd1 Re2 34. Rxd5 Rxd5 35. Rxd5 Rxc2 36. h4 Kb7 37. Rd7+ Kc6 38. Rxf7 Kd5 39. Rxg7 Ke4 40. f6 Kf3 41. f7 1-0


[Site "https://www.chess.com"]

[Event "Titled Tuesday Blitz March 21 Early 2023"]
[White "Nazari, Arad"]
[Black "Jeet, Jain"]
[WhiteFideId "12577324"]
[BlackFideId "5073022"]
[WhiteElo "2313"]
[BlackElo "2067"]
[Result "1-0"]
[Round "08"]
[TimeControl "180+2"]
[Date "2023.03.21"]
[WhiteClock "0:00:05"]
[BlackClock "0:00:08"]

1. e4 c6 2. Nf3 d5 3. Nc3 dxe4 4. Nxe4 Nf6 5. Qe2 Nxe4 6. Qxe4 Qd5 7. Qf4 Qf5 8. Qe3 Qe6 9. b3 Qxe3+ 10. fxe3 f6 11. Bb2 e5 12. d4 exd4 13. Nxd4 Bb4+ 14. Kf2 O-O 15. Bc4+ Kh8 16. Rad1 Bg4 17. Ne6 Bxd1 18. Rxd1 Rc8 19. Nc7 Na6 20. Nxa8 Rxa8 21. a3 Bf8 22. Bxa6 bxa6 23. Rd7 h5 24. Rc7 c5 25. h3 Rd8 26. Ke2 Ra8 27. Rc6 Rb8 28. Rxa6 Rb7 29. Rc6 Kh7 30. a4 Rd7 31. Ba3 Rd5 32. Rc7 a5 33. Rf7 Kg8 34. Ra7 Rg5 35. Kf1 Rf5+ 36. Kg1 g6 37. Rxa5 Bh6 38. Bc1 Rd5 39. Kf2 Rd1 40. Ba3 Rd2+ 41. Kf3 Rxc2 42. Rxc5 Ra2 43. Rc8+ Kf7 44. Bc5 g5 45. Bd4 f5 46. Rc7+ Kg6 47. Rc6+ Kh7 48. b4 g4+ 49. hxg4 hxg4+ 50. Kg3 Rxa4 51. Bc5 Ra3 52. Re6 f4+ 53. Kxg4 fxe3 54. b5 Rb3 55. b6 Rb5 56. Be7 e2 57. Kf3 e1=Q 58. Rxe1 Rxb6 59. Bc5 Rf6+ 60. Kg4 Rg6+ 61. Kh3 Bg7 62. Re4 Bf6 63. Be3 Kg7 64. g4 Kf7 65. Ra4 Be7 66. Bf4 Rc6 67. g5 Kg6 68. Kg4 Bd8 69. Rd4 Be7 70. Rd7 Re6 71. Rb7 Bd8 72. Rb8 Be7 73. Rg8+ Kf7 74. Rh8 Kg6 75. Rh6+ Kf7 76. Rh7+ Kg6 77. Rh8 Kf7 78. Kf5 Rc6 79. Rh7+ Kf8 80. Be5 Rc5 81. Rh8+ Kf7 82. g6# 1-0


[Site "https://www.chess.com"]

[Event "Titled Tuesday Blitz March 21 Early 2023"]
[White "Gadimbayli, Abdulla"]
[Black "Kim, Sergey"]
[WhiteFideId "13404938"]
[BlackFideId "13700570"]
[WhiteElo "2390"]
[BlackElo "2598"]
[Result "0-1"]
[Round "08"]
[TimeControl "180+2"]
[Date "2023.03.21"]
[WhiteClock "0:01:37"]
[BlackClock "0:00:56"]

1. Nf3 Nf6 2. g3 g6 3. Bg2 Bg7 4. O-O d6 5. d4 O-O 6. Nc3 c6 7. e4 Qc7 8. Re1 e5 9. Bg5 a5 10. Qd2 a4 11. a3 Re8 12. Rad1 Nbd7 13. Bh6 Qb6 14. Bxg7 Kxg7 15. Rc1 Qxb2 16. Rb1 Qxa3 17. Nb5 cxb5 18. Ra1 Nxe4 19. Qe2 Nc3 20. Qd2 Qb4 21. dxe5 Nxe5 22. Nd4 Bd7 23. Qf4 Kg8 24. h4 h5 25. Re3 Rac8 26. Rae1 Rc4 27. Rxc3 Qxc3 28. Re4 a3 0-1


[Site "https://www.chess.com"]

[Event "Titled Tuesday Blitz March 21 Early 2023"]
[White "Diaz Rosas, Julio Cesar"]
[Black "Hernandez Gonzalez, William"]
[WhiteFideId "5105099"]
[BlackFideId "3509915"]
[WhiteElo "2270"]
[BlackElo "2374"]
[Result "0-1"]
[Round "08"]
[TimeControl "180+2"]
[Date "2023.03.21"]
[WhiteClock "0:00:03"]
[BlackClock "0:00:14"]

1. e4 c5 2. Nf3 Nc6 3. d4 cxd4 4. Nxd4 e5 5. Nb5 d6 6. c4 Be6 7. N1c3 a6 8. Na3 Rc8 9. Be2 g6 10. Nc2 Bg7 11. O-O Nd4 12. Nxd4 exd4 13. Nd5 Bxd5 14. exd5 Ne7 15. Bd3 O-O 16. Re1 Re8 17. Bg5 Qd7 18. Qd2 Nf5 19. h3 b5 20. b3 bxc4 21. Bxc4 Qb7 22. g4 Ne7 23. Bxe7 Rxe7 24. Rxe7 Qxe7 25. Bxa6 Rc3 26. Re1 Qd8 27. Bb5 Be5 28. Bd3 Qh4 29. Kg2 h5 30. Re4 hxg4 31. Rxg4 Qe7 32. Qe2 Qb7 33. Qe4 Qe7 34. f4 Bf6 35. f5 Qxe4+ 36. Bxe4 d3 37. Bxd3 Rxd3 38. fxg6 Rd2+ 39. Kf3 Rxa2 40. gxf7+ Kxf7 41. Rb4 Rd2 42. Rb5 Kg6 43. Ke4 Rd4+ 44. Ke3 Rh4 45. b4 Rxh3+ 46. Ke4 Rh4+ 47. Ke3 Kf5 48. Rb8 Bc3 49. b5 Ke5 50. b6 Rb4 51. b7 Kxd5 52. Ke2 Bd4 53. Kd3 Ba7 54. Rh8 Rxb7 55. Rh5+ Kc6 56. Kc4 Bc5 57. Rh8 Rb4+ 58. Kd3 d5 59. Rc8+ Kd6 60. Rd8+ Ke6 61. Re8+ Be7 62. Ra8 Rb3+ 63. Kc2 Ra3 64. Re8 Ra7 65. Kd3 Ke5 66. Rb8 Ra3+ 67. Kc2 Kd4 68. Re8 Bc5 69. Rh8 Re3 70. Kd2 Re4 71. Kc2 Kc4 72. Kd2 Rf4 73. Rc8 Rf2+ 74. Ke1 Ra2 75. Kd1 Kd3 76. Kc1 Bd4 77. Rb8 Ra1+ 78. Rb1 Rxb1+ 79. Kxb1 Be3 0-1


[Site "https://www.chess.com"]

[Event "Titled Tuesday Blitz March 21 Early 2023"]
[White "Hambleton, Aman"]
[Black "Popov, Mikhail"]
[WhiteFideId "2606577"]
[BlackFideId "4146182"]
[WhiteElo "2511"]
[BlackElo "2270"]
[Result "0-1"]
[Round "08"]
[TimeControl "180+2"]
[Date "2023.03.21"]
[WhiteClock "0:00:02"]
[BlackClock "0:00:16"]

1. d4 Nf6 2. Bf4 g6 3. Nc3 Bg7 4. e4 d5 5. Nb5 Na6 6. e5 Nd7 7. Nf3 c6 8. Nc3 O-O 9. Qd2 b5 10. Bh6 b4 11. Ne2 f6 12. Bxg7 Kxg7 13. Nf4 Nc7 14. exf6+ Rxf6 15. Nd3 a5 16. Nde5 Nxe5 17. Nxe5 Qd6 18. Qe3 Ne6 19. Be2 c5 20. dxc5 Nxc5 21. O-O d4 22. Qg3 Ne4 23. Qh4 Qxe5 24. Bf3 Rxf3 25. gxf3 Qg5+ 26. Qxg5 Nxg5 27. Rfd1 e5 28. f4 exf4 29. Kf1 Ne6 30. Re1 Kf6 31. Rac1 Bb7 32. c3 bxc3 33. bxc3 d3 34. Red1 Rd8 35. c4 Nc5 36. Rc3 Bf3 37. Rd2 Be2+ 38. Ke1 Ne4 39. Rxe2 dxe2 40. Rc2 f3 41. Rc1 Nc3 0-1


[Site "https://www.chess.com"]

[Event "Titled Tuesday Blitz March 21 Early 2023"]
[White "Basso, Pier Luigi"]
[Black "Ingebretsen, Jens E"]
[WhiteFideId "866970"]
[BlackFideId "1522965"]
[WhiteElo "2438"]
[BlackElo "2213"]
[Result "0-1"]
[Round "08"]
[TimeControl "180+2"]
[Date "2023.03.21"]
[WhiteClock "0:01:35"]
[BlackClock "0:00:39"]

1. d4 Nf6 2. Nf3 e6 3. Bg5 Be7 4. Nbd2 O-O 5. e4 d5 6. e5 Nfd7 7. h4 b6 8. Bd3 Ba6 9. Bxa6 Nxa6 10. Qe2 Nb4 11. Nf1 c5 12. c3 Nc6 13. Ng3 cxd4 14. cxd4 Rc8 15. a3 h6 16. Be3 f5 17. exf6 Bxf6 18. Rd1 e5 19. dxe5 Ndxe5 20. Nxe5 Nxe5 21. Nf5 Nc4 22. Qg4 Nxe3 23. fxe3 Kh8 24. O-O Bxb2 25. e4 Qf6 26. exd5 Rcd8 27. d6 Bxa3 28. Ne7 Bc5+ 29. Kh2 Bxd6+ 30. Rxd6 Qxd6+ 0-1


[Site "https://www.chess.com"]